 Dungeon Crawl Stone Soup version 0.29-a0-872-g797fff5ad1 (webtiles) character file.

Game seed: 4228066835734254414

68473 Ajdolov the Black Sun (level 14, -4/96 HPs)
             Began as a Mummy Necromancer on July 18, 2022.
             Was a High Priest of Kikubaaqudgha.
             Killed from afar by an ironbound frostheart (30 damage)
             ... by creeping frost
             ... in an ice cave.
             The game lasted 01:16:41 (28625 turns).

Ajdolov the Black Sun (Mummy Necromancer)          Turns: 28625, Time: 01:16:42

Health: -4/96      AC: 16    Str: 16    XL:     14   Next: 86%
Magic:  3/28       EV: 12    Int: 18    God:    Kikubaaqudgha [*****.]
Gold:   2341       SH:  0    Dex: 12    Spells: 6/33 levels left

rFire   + . .      SeeInvis .   C - +4 glaive
rCold   + . .      Faith    +   (shield currently unavailable)
rNeg    + + +      Spirit   .   r - +2 steam dragon scales
rPois   ∞          Reflect  .   G - +2 hat
rElec   .          Harm     .   n - +0 cloak
rCorr   .          Rampage  .   k - +2 pair of gloves {Str+3}
Will    +....                   g - +2 pair of boots
Stlth   ++........              a - amulet of faith
HPRegen 0.26/turn               m - ring of protection from fire
MPRegen 0.21/turn               l - ring of protection from fire

@: death channelling, animating dead (expiring)
A: cold resistance 1, negative energy resistance 3, torment resistance 2, heat
vulnerability 1, in touch with death 2, no potions
a: Renounce Religion, Unearth Wretches, Torment


You were in an ice cave.
You worshipped Kikubaaqudgha.
Kikubaaqudgha was extremely pleased with you.
You visited 4 branches of the dungeon, and saw 20 of its levels.
You also visited: Bailey, Ice Cave and Volcano.

You collected 2861 gold pieces.
You spent 520 gold pieces at shops.

Inventory:

Hand Weapons
 C - a +4 glaive (weapon)
Missiles
 w - 2 throwing nets
 J - 5 curare-tipped darts
Armour
 g - a +2 pair of boots (worn)
 k - a +2 pair of gloves of strength (worn)
 n - a +0 cloak (worn)
 r - +2 steam dragon scales (worn)
 z - a +1 buckler of cold resistance
 G - a +2 hat (worn)
Jewellery
 a - an amulet of faith (around neck)
 l - a ring of protection from fire (right hand)
 m - a ring of protection from fire (left hand)
 u - a ring of flight
 K - a ring of wizardry
Wands
 e - a wand of digging (4)
 i - a wand of mindburst (16)
 p - a wand of roots (16)
 x - a wand of polymorph (14)
 B - a wand of light (17)
 F - a wand of paralysis (5)
Scrolls
 b - 2 scrolls of blinking
 c - 7 scrolls of teleportation
 d - 4 scrolls of torment
 f - 3 scrolls of noise
 h - 4 scrolls of immolation
 j - 2 scrolls of enchant weapon
 o - 2 scrolls of summoning
 s - 2 scrolls of brand weapon
 t - a scroll of silence
 v - 5 scrolls of fear
 y - 3 scrolls of poison
 A - 7 scrolls of identify
 D - 2 scrolls of vulnerability
 H - a scroll of magic mapping
 M - a scroll of amnesia
Miscellaneous
 q - a phial of floods
 L - a lightning rod (4/4)


   Skills:
 - Level 4.7 Fighting
 * Level 11.7 Polearms
 - Level 1.7 Dodging
 - Level 1.7 Stealth
 - Level 10.2 Spellcasting
 - Level 10.0 Hexes
 - Level 8.0 Summonings
 - Level 13.0 Necromancy
 - Level 8.0 Earth Magic


You had 6 spell levels left.
You knew the following spells:

 Your Spells              Type           Power      Damage    Failure   Level
a - Necrotise             Necr           100%       1d9       1%          1
b - Animate Dead          Necr           91%        N/A       1%          4
c - Vampiric Draining     Necr           91%        2d12      1%          3
d - Anguish               Hex/Necr       42%        N/A       1%          4
e - Death Channel         Necr           45%        N/A       5%          6
f - Dispel Undead         Necr           91%        3d29      1%          4
g - Borgnjor's Vile Clut  Necr/Erth      41%        N/A       2%          5

Your spell library contained the following spells:

 Spells                   Type           Power      Damage    Failure   Level
 Ensorcelled Hibernation  Hex/Ice        54%        N/A       1%          2
 Tukima's Dance           Hex            45%        N/A       1%          3
 Agony                    Necr           91%        N/A       1%          5
 Passwall                 Tmut/Erth      19%        N/A       2%          2
 Portal Projectile        Hex/Tloc       54%        N/A       3%          3
 Apportation              Tloc           18%        N/A       8%          1
 Lee's Rapid Deconstruct  Erth           18%        3d12*     9%          5
 Fulminant Prism          Conj/Hex       13%        3d9       10%         4
 Corpse Rot               Necr/Pois/Air  54%        N/A       13%         4
 Summon Ice Beast         Ice/Summ       23%        N/A       16%         4
 Frozen Ramparts          Ice            18%        1d3       24%         3
 Swiftness                Air            9%         N/A       24%         3
 Yara's Violent Unravell  Hex/Tmut       13%        3d7       28%         5
 Iskenderun's Mystic Bla  Conj/Tloc      9%         2d4       61%         4
 Passage of Golubria      Tloc           9%         N/A       61%         4
 Simulacrum               Ice/Necr       32%        N/A       63%         6
 Alistair's Intoxication  Tmut/Pois      6%         N/A       91%         5
 Starburst                Conj/Fire      4%         6d4       100%        6
 Ice Form                 Ice/Tmut       Unusable   N/A       N/A         4
 Blade Hands              Tmut           Unusable   N/A       N/A         5

Dungeon Overview and Level Annotations

Branches:
Dungeon (12/15)            Temple (1/1) D:6            Lair (5/5) D:11
  Swamp (0/4) Lair:3        Snake (0/4) Lair:2        Slime (0/5) Lair:4
    Orc (2/2) D:10            Elf (0/3) Orc:2        Bailey (visited)
  IceCv (1/1)             Volcano (visited)

Altars:
Cheibriados
Dithmenos
Kikubaaqudgha
Makhleb
Okawaru
Qazlal
Ru
Sif Muna
Trog
Uskayaw
Vehumet
Wu Jian
Xom
Yredelemnul

Shops:
D:9 *   D:10 (   Orc:2 =!:

Annotations:
D:4 exclusion: phantom
D:5 1 exclusion
D:6 exclusion: phantom
D:9 exclusion: two-headed ogre
D:11 exclusion: 2 wraiths, Josephine
Orc:2 1 exclusion


Innate Abilities, Weirdness & Mutations

You are immune to poison.
Your flesh is cold resistant. (rC+)
You are immune to negative energy. (rN+++)
You are immune to unholy pain and torment.
You are vulnerable to heat. (rF-)
You are strongly in touch with the powers of death.
You do not drink.


Message History

Something freezes your spectral ironbound frostheart!
Your spectral ironbound frostheart resists.
The death yak gores your ironbound frostheart zombie!!
The death yak is wracked by anguish!!
The death yak dies!
Kikubaaqudgha accepts your kill.
The dead are walking!
Your ironbound frostheart zombie barely misses the death yak.
Unknown command.
Casting: Anguish (mildly dangerous; 1% risk of failure)
Confirm with . or Enter, or press ? or * to list all spells.
You don't have enough magic to cast this spell.
Your reaping aura is weakening.
You are too injured to fight recklessly!
Reach: C) +4 glaive
Press: ? - help, Dir - move target, f - death yak
Aim: a death yak (heavily wounded, about 19% to evade your +4 glaive)
You reach to attack!
You hit the death yak but do no damage.
The death yak is heavily wounded.
Your death yak zombie gores the death yak!
The death yak barely misses something.
Reach: C) +4 glaive
Press: ? - help, Dir - move target, f/p - death yak
Aim: a death yak (heavily wounded, ally target, about 19% to evade your +4 glaive)
You slash the death yak!
The death yak is heavily wounded.
The death yak barely misses you.
The death yak gores your spectral ironbound frostheart!
Your spectral ironbound frostheart is destroyed!
Your spectral death yak barely misses the death yak.
Reach: C) +4 glaive
Press: ? - help, Dir - move target, f/p - death yak
Aim: a death yak (heavily wounded, ally target, about 19% to evade your +4 glaive)
You slash the death yak!
The death yak is severely wounded.
The death yak gores you but does no damage.
The ironbound frostheart calls freezing cold from the walls.
The frost grips you!! You partially resist.
You die...
Kikubaaqudgha rasps: "You have failed me!
Welcome... oblivion!"

######## ########
#####..÷...## ##......##
≈##Z†##.....####..###...##
ZZZ######....#.Z.###.....#
#ZZ≈≈≈≈≈###...Z### ##...##
≈≈Z≈≈≈≈##..####### #..###
≈≈≈≈≈≈####.####Y@####..#
≈≈≈≈≈≈≈≈#Z#†#ZZ##.#..###
≈≈≈≈≈≈≈###.Z.#####.###
≈≈≈≈≈≈##kp.### ###
#≈≈≈###k.### ######..##
##.. ##.. ≈≈ #.h


You could see a death yak (ally target), an ironbound frostheart, a friendly
spectral death yak, a friendly death yak zombie and a friendly ironbound
frostheart zombie.

Vanquished Creatures
  Erolcha (Orc:2)
  A boulder beetle (D:8)
  2 two-headed ogres
  A death yak (Lair:1)
  A lindwurm (Lair:5)
  2 deep elf pyromancers
  An orc knight (D:12)
  8 orc sorcerers (Orc:2)
  3 elephants
  Joseph (D:7)
  A black mamba (Lair:2)
  An ice statue (IceCv)
  5 cane toads
  3 rime drakes
  2 torpor snails (Lair:5)
  A yaktaur (D:11)
  9 komodo dragons
  A troll (D:11)
  3 hornets
  7 polar bears
  A tyrant leech (Lair:5)
  Prince Ribbit (D:9)
  Grinder (D:5)
  A raiju (Lair:5)
  5 blink frogs
  2 dream sheep
  Eustachio (D:4)
  2 spriggans (Bailey)
  A wyvern (D:5)
  A vampire (D:11)
  A wraith (D:11)
  27 yaks
  A steam dragon (D:9)
  A basilisk (Lair:2)
  3 vampire mosquitoes (D:10)
  A warg (Lair:5)
  2 acid dragons
  2 hell hounds
  5 water moccasins
  Duvessa (D:4)
  3 sky beasts
  5 black bears (Lair:5)
  4 ice beasts
  4 orc warriors
  5 ogres
  4 centaurs
  19 wolves
  2 kobold brigands
  8 bullfrogs
  A two-headed ogre simulacrum (D:12)
  A gnoll sergeant (Orc:2)
  3 scorpions
  2 wights (D:9)
  Dowan (D:4)
  8 killer bees
  3 electric eels (D:11)
  4 howler monkeys
  Crazy Yiuf (D:7)
  7 hounds
  An orc priest (D:7)
  A gnoll bouda (D:8)
  Ijyb (D:5)
  An iguana (D:6)
  Natasha (twice) (D:4)
  16 orc wizards
  3 troll simulacra (D:12)
  7 gnolls
  7 adders
  3 naga simulacra (D:12)
  A river rat (Lair:2)
  2 shadow imps
  A white imp (D:6)
  An ufetubus (D:5)
  2 worms
  3 dart slugs
  18 orcs
  5 ball pythons
  3 bats (D:2)
  6 endoplasms
  3 giant cockroaches
  7 goblins
  9 hobgoblins
  3 quokkas
  6 frilled lizards
  25 kobolds
  13 rats
349 creatures vanquished.

Vanquished Creatures (collateral kills)
  Gastronok (D:9)
  2 hydras
  A two-headed ogre (Bailey)
  3 death yaks (Lair:5)
  Sonja (Lair:5)
  An ugly thing (Volcano)
  An orc sorcerer (Orc:2)
  A salamander (Volcano)
  10 elephants
  3 cane toads
  4 torpor snails (Lair:5)
  2 rime drakes
  3 komodo dragons
  9 polar bears
  A tyrant leech (Lair:5)
  A hornet (Lair:5)
  A troll (D:11)
  10 blink frogs
  2 shadows
  30 yaks
  A spriggan (Bailey)
  A wyvern (Lair:1)
  2 wraiths
  A warg (Lair:5)
  2 water moccasins
  9 hell hounds
  An orc warrior (D:10)
  2 ice beasts
  6 black bears
  20 wolves
  5 ogres
  2 kobold brigands
  4 bullfrogs
  A two-headed ogre simulacrum (D:12)
  A scorpion (D:6)
  2 wights (D:9)
  2 killer bees (D:8)
  A hound (D:11)
  2 orc priests (Orc:2)
  Natasha (D:4)
  3 orc wizards
  A hell rat (Lair:2)
  A river rat (Lair:2)
  A white imp (D:6)
  4 orcs (Orc:2)
  4 goblins
  A hobgoblin zombie (D:11)
  2 rats
  A bush (Lair:5)
171 creatures vanquished.

Vanquished Creatures (others)
  A fire dragon (Lair:5)
  2 hydras
  An ogre mage (D:12)
  2 centaur warriors
  An ironbound frostheart (IceCv)
  A catoblepas (Lair:5)
  4 death yaks
  A two-headed ogre (Orc:2)
  Urug (Lair:5)
  A wizard (D:12)
  A lindwurm (Lair:5)
  3 orc knights
  An ugly thing (Volcano)
  6 orc sorcerers (Orc:2)
  A cyclops (Orc:2)
  2 elephants (Lair:5)
  5 salamanders (Volcano)
  2 black mambas
  A torpor snail (Lair:5)
  Maggie (Lair:2)
  3 cane toads
  6 rime drakes
  A catoblepas zombie (Lair:5)
  A death yak zombie (Lair:5)
  4 komodo dragons
  A hydra zombie (Lair:5)
  A troll (D:12)
  2 tyrant leeches (Lair:5)
  3 hornets (Lair:5)
  7 polar bears
  A raiju (shapeshifter) (D:12)
  5 blink frogs
  A raiju (Lair:5)
  A black mamba zombie (Lair:4)
  A culicivora (shapeshifter) (D:10)
  12 yaks
  4 wargs
  6 hell hounds (Lair:5)
  A cane toad zombie (Lair:1)
  6 water moccasins
  5 ice beasts
  A black bear (Lair:5)
  A hornet zombie (D:8)
  8 orc warriors
  A dream sheep zombie (Lair:5)
  A lindwurm zombie (Lair:5)
  4 elephant zombies (Lair:5)
  8 wolves
  4 ogres (Orc:2)
  7 blink frog zombies
  6 rime drake zombies
  5 komodo dragon zombies
  2 bullfrogs
  3 hell hound zombies
  A salamander zombie (Volcano)
  A gnoll sergeant (D:12)
  A wyvern zombie (D:5)
  6 water moccasin zombies
  5 warg zombies
  A raiju zombie (Lair:5)
  7 polar bear zombies
  8 yak zombies
  6 wolf zombies
  2 electric eels
  3 black bear zombies (Lair:5)
  7 bullfrog zombies
  2 hell rats (Lair:2)
  4 orc wizards (Orc:2)
  2 killer bee zombies (D:8)
  2 ogre zombies
  8 ice beast zombies
  A hound zombie (D:4)
  A hell rat zombie (Lair:2)
  2 howler monkey zombies (D:7)
  A gnoll (Orc:2)
  A human zombie (D:4)
  An adder (D:12)
  3 adder zombies
  4 orcs
  2 endoplasms
  A hobgoblin (D:11)
  An endoplasm zombie (D:11)
  A giant cockroach zombie (D:11)
  3 gnoll zombies
  A goblin zombie (D:9)
  6 kobold zombies (D:8)
  28 orc zombies
  A rat (Lair:2)
  A rat zombie (Lair:2)
  45 fungi
  80 plants
411 creatures vanquished.

Grand Total: 931 creatures vanquished

Notes
Turn   | Place    | Note
-------+----------+-------------------------------------------
     0 | D:1      | Ajdolov the Mummy Necromancer began the quest for the Orb.
     0 | D:1      | Reached XP level 1. HP: 13/13 MP: 4/4
    29 | D:1      | Got the Catalogue of Calefaction and the Grave
   272 | D:1      | Reached XP level 2. HP: 17/19 MP: 0/5
   988 | D:1      | Gained mutation: You are in touch with the powers of death.
                  | [Mummy growth]
   988 | D:1      | Reached XP level 3. HP: 23/24 MP: 7/7
  1618 | D:2      | Reached skill level 5 in Necromancy
  1697 | D:2      | Found a faded altar of an unknown god.
  2363 | D:3      | Reached XP level 4. HP: 17/30 MP: 2/8
  2759 | D:3      | Learned a level 4 spell: Animate Dead
  3244 | D:4      | Reached skill level 6 in Necromancy
  3244 | D:4      | Reached XP level 5. HP: 23/35 MP: 9/9
  3248 | D:4      | Learned a level 3 spell: Vampiric Draining
  3405 | D:4      | Noticed a phantom
  3476 | D:4      | Noticed Eustachio
  3542 | D:4      | Killed Eustachio
  3543 | D:4      | Reached skill level 7 in Necromancy
  3543 | D:4      | Reached XP level 6. HP: 39/41 MP: 6/12
  3586 | D:4      | Noticed Duvessa
  3586 | D:4      | Noticed Dowan
  3597 | D:4      | Your ally Eustachio died
  3743 | D:4      | Killed Duvessa
  3744 | D:4      | Reached skill level 5 in Spellcasting
  3748 | D:4      | Killed Dowan
  3937 | D:4      | Noticed Natasha
  3943 | D:4      | Killed Natasha
  3944 | D:4      | Reached XP level 7. HP: 46/46 MP: 12/16
  4337 | D:4      | Noticed Natasha
  4352 | D:4      | Killed Natasha
  4539 | D:5      | Entered Level 5 of the Dungeon
  4561 | D:4      | Noticed Natasha
  4567 | D:4      | Killed Natasha
  4857 | D:5      | Noticed Ijyb
  4864 | D:5      | Paralysed by Ijyb for 2 turns
  4867 | D:5      | Killed Ijyb
  4889 | D:5      | Found an ornate altar of the Wu Jian Council.
  4927 | D:5      | Noticed Grinder
  4948 | D:5      | Killed Grinder
  4949 | D:5      | Reached XP level 8. HP: 7/52 MP: 3/21
  5266 | D:5      | Reached skill level 10 in Spellcasting
  5679 | D:5      | Reached skill level 1 in Fighting
  5689 | D:5      | Reached skill level 1 in Polearms
  6456 | D:6      | Found a staircase to the Ecumenical Temple.
  6470 | Temple   | Entered the Ecumenical Temple
  6571 | Temple   | Became a worshipper of Kikubaaqudgha
  6633 | D:6      | Reached XP level 9. HP: 57/66 MP: 9/23
  7035 | D:7      | Found a stormy altar of Qazlal.
  7035 | D:7      | Found an iron altar of Okawaru.
  7036 | D:7      | Found a hide-covered altar of Uskayaw.
  7515 | D:7      | Identified the +5 sling of Exchange {venom, *Corrode rElec
                  | Stlth+}
  7584 | D:7      | Noticed Joseph
  8163 | D:7      | Found a runed translucent door.
  8164 | D:7      | Noticed Crazy Yiuf
  8170 | D:7      | Identified the +11 hammer of the Sea {holy, Will+ Str+4}
  8174 | D:7      | Killed Crazy Yiuf
  8182 | D:7      | Identified the +7 hammer "Cuna" {antimagic, rElec rF+ Will+
                  | Str+3}
  9065 | D:8      | Noticed a boulder beetle
  9120 | D:7      | Killed Joseph
  9121 | D:7      | Reached skill level 5 in Polearms
  9121 | D:7      | Reached skill level 8 in Necromancy
 10204 | D:8      | Killed a boulder beetle
 10205 | D:8      | Reached XP level 10. HP: 71/73 MP: 15/24
 10387 | D:8      | Reached * piety under Kikubaaqudgha
 10387 | D:8      | Received a gift from Kikubaaqudgha
 10396 | D:8      | Learned a level 4 spell: Anguish
 10882 | D:8      | Noticed a two-headed ogre
 10907 | D:8      | Killed a two-headed ogre
 10908 | D:8      | Reached skill level 9 in Necromancy
 11394 | D:9      | Noticed Gastronok
 11572 | D:9      | Found Qiteum's General Store.
 11582 | D:9      | Bought an amulet of faith for 520 gold pieces
 11632 | D:9      | Killed Gastronok
 11633 | D:9      | Reached skill level 5 in Hexes
 11643 | D:9      | Reached skill level 10 in Necromancy
 11702 | D:9      | Found a flagged portal.
 11709 | Bailey   | Entered a bailey
 11777 | Bailey   | Reached XP level 11. HP: 34/78 MP: 17/25
 11891 | Bailey   | Noticed a two-headed ogre
 11899 | Bailey   | Killed a two-headed ogre
 11900 | Bailey   | Reached skill level 11 in Necromancy
 12630 | Bailey   | Identified the +0 ice dragon scales "Mahawnanu" {rElec rF-
                  | rC++ Str+6 Dex-5 SInv}
 12859 | D:9      | Noticed a two-headed ogre
 12983 | D:9      | Noticed Prince Ribbit
 12990 | D:9      | Killed Prince Ribbit
 13333 | D:10     | Entered Level 10 of the Dungeon
 13444 | D:10     | Found Daptisinal's Weapon Shoppe.
 13529 | D:10     | Reached skill level 12 in Necromancy
 13590 | D:10     | Found a staircase to the Orcish Mines.
 13797 | D:10     | Found a snail-covered altar of Cheibriados.
 14058 | D:10     | Found a sacrificial altar of Ru.
 14067 | D:10     | Identified the +0 robe of Vywann {rElec rF++ rN+ Int+3}
 15804 | D:10     | Reached skill level 13 in Necromancy
 16145 | D:11     | Noticed a two-headed ogre
 16290 | D:11     | Killed a two-headed ogre
 16697 | D:11     | Found a staircase to the Lair.
 16740 | D:11     | Noticed Josephine
 17453 | D:11     | Identified the +5 chain mail of the Baleful God {rF+ rN++
                  | Int+2}
 17588 | Lair:1   | Entered Level 1 of the Lair of Beasts
 17820 | Lair:1   | Reached XP level 12. HP: 72/84 MP: 22/26
 17830 | Lair:1   | Learned a level 6 spell: Death Channel
 18104 | Lair:1   | Reached ** piety under Kikubaaqudgha
 18651 | Lair:2   | Found a staircase to the Snake Pit.
 18891 | Lair:2   | Reached skill level 10 in Hexes
 18891 | Lair:2   | Reached skill level 1 in Summonings
 19014 | Lair:2   | Noticed Maggie
 19020 | Lair:2   | Killed Maggie
 19734 | Lair:2   | Reached skill level 5 in Summonings
 20401 | Lair:3   | Found a dark tunnel.
 20408 | Volcano  | Entered a volcano
 20690 | Lair:3   | Found a staircase to the Swamp.
 20955 | Lair:3   | Got the Octavo of Dislocated Shapeshifting
 21366 | Lair:4   | Gained mutation: You are strongly in touch with the powers
                  | of death. [Mummy growth]
 21366 | Lair:4   | Reached XP level 13. HP: 90/90 MP: 9/27
 21769 | Lair:4   | Found the +4 moon troll leather armour {Spirit, Regen++
                  | MP+5}
 21864 | Lair:4   | Reached *** piety under Kikubaaqudgha
 21864 | Lair:4   | Received a gift from Kikubaaqudgha
 21870 | Lair:4   | Learned a level 4 spell: Dispel Undead
 21876 | Lair:4   | Learned a level 5 spell: Borgnjor's Vile Clutch
 21965 | Lair:4   | Found a staircase to the Slime Pits.
 22326 | Lair:5   | Entered Level 5 of the Lair of Beasts
 22345 | Lair:5   | Reached skill level 1 in Earth Magic
 22353 | Lair:5   | Noticed Urug
 22359 | Lair:5   | Killed Urug
 22360 | Lair:5   | Reached skill level 5 in Earth Magic
 22752 | Lair:5   | Noticed Sonja
 22754 | Lair:5   | Killed Sonja
 23046 | Lair:5   | Found a runed translucent door.
 23047 | Lair:5   | Noticed a fire dragon
 23073 | Lair:5   | Reached **** piety under Kikubaaqudgha
 23691 | Lair:5   | Reached XP level 14. HP: 75/96 MP: 24/28
 23866 | Lair:5   | Reached ***** piety under Kikubaaqudgha
 24019 | Lair:5   | Identified the +5 rapier of Teathuw {spect, +Blink Dex+5}
 25105 | Orc:1    | Entered Level 1 of the Orcish Mines
 25114 | Orc:1    | Found a burning altar of Makhleb.
 25208 | Orc:2    | Entered Level 2 of the Orcish Mines
 25403 | Orc:2    | Found a staircase to the Elven Halls.
 25820 | Orc:2    | Found a shimmering altar of Xom.
 26192 | Orc:2    | Found Hoquam's Antique Weapon Emporium.
 26275 | Orc:2    | Found Daulaek's Book Shoppe.
 26403 | Orc:2    | Found an ancient bone altar of Kikubaaqudgha.
 26410 | Orc:2    | Reached skill level 10 in Polearms
 26587 | Orc:2    | Noticed Erolcha
 26588 | Orc:2    | Found a radiant altar of Vehumet.
 26594 | Orc:2    | Killed Erolcha
 26737 | Orc:2    | Found Zaeshrug's Distillery.
 26737 | Orc:2    | Found Nupet's Jewellery Shoppe.
 27138 | D:12     | Found a frozen archway.
 27293 | IceCv    | Entered an ice cave
 28625 | IceCv    | Killed from afar by an ironbound frostheart

Illustrated notes

Levels and vault maps discovered:
D:1:      roderic_crop_circles_arrival_small, layout_basic,
          minmay_large_rounded_square, nrook_loot_triangle,
          dreamdust_mushroom_princess, item_on_display_a
D:2:      layout_loops_ring, basic_ecumenical_altar
D:3:      layout_basic, serial_bayou_pond_c
D:4:      layout_basic, makhleb_blood_cavern_becter, kennysheep_cross_room,
          uniq_duvessa, uniq_natasha, uniq_eustachio
D:5:      minmay_chambers_of_fours, layout_cave_pools, lemuel_crystal_altar,
          uniq_ijyb, uniq_grinder
D:6:      layout_loops_ring, temple_fountains
D:7:      layout_basic, chequers_temple_overflow_statue_of_worship,
          uniq_crazy_yiuf_cottage, uniq_joseph
D:8:      layout_basic, minmay_chambers_of_fives
D:9:      layout_basic, serial_shops, shop, enter_bailey_3, uniq_prince_ribbit1,
          uniq_gastronok
D:10:     layout_layer_cave, tso_altar, nicolae_ru_sacrificial_ziggurat,
          marbit_many_paths, orc_0_dummy, serial_shops,
          nicolae_inconvenience_store, minmay_puff
D:11:     layout_gridville, erik_lair_island, uniq_josephine
D:12:     layout_irregular_city, portal_ice_cave_entry_ice_simulacra,
          kennysheep_generic_room_16
Temple:   eino_temple_water
Lair:1:   layout_cave_shapes, beast_lair_carwin_8
Lair:2:   layout_misc_corridors, dummy_snake_entry, kennysheep_abandoned_house,
          uniq_maggie
Lair:3:   layout_cave_pods, swamp_mist_pool, enter_volcano_4,
          grunt_megastairs_3, infiniplex_staircase_pool_2
Lair:4:   layout_misc_corridors, slime_entry_1
Lair:5:   wormcave, layout_loops_ring, hangedman_lair_caniforms_friends,
          chequers_serial_rivers_room_b, infiniplex_staircase_pool,
          lemuel_fruit_tree, uniq_sonja, uniq_urug
Orc:1:    layout_diamond_mine, basic_altar
Orc:2:    kennysheep_orc_mage_school, layout_caves, basic_altar
IceCv:    ice_cave_caverns_02

Skill      XL: |  1  2  3  4  5  6  7  8  9 10 11 12 13 14 |
---------------+-------------------------------------------+-----
Necromancy     | 5 6 7 8 10 13 | 13.0
Spellcasting   | 4 6 9 10 | 10.2
Fighting       | 4 |  4.7
Polearms       | 2 6 7 11 | 11.7
Hexes          | 5 7 10 | 10.0
Summonings     | 6 8 |  8.0
Earth Magic    | 8 |  8.0
Dodging        | |  1.7
Stealth        | |  1.7

Action                   |  1- 3 |  4- 6 |  7- 9 | 10-12 | 13-15 || total
-------------------------+-------+-------+-------+-------+-------++-------
Melee: Unarmed           |     4 |       |       |       |       ||     4
       Whip              |    21 |       |       |       |       ||    21
       Dagger            |     1 |    60 |    42 |       |       ||   103
       Punch             |       |     2 |     3 |     1 |       ||     6
       Spear             |       |       |    65 |   134 |       ||   199
       Mace              |       |       |    43 |       |       ||    43
       Glaive            |       |       |       |   266 |   261 ||   527
Throw: Throwing net      |       |       |       |     2 |       ||     2
 Cast: Necrotise         |    68 |    23 |    17 |       |       ||   108
       Animate Dead      |       |     2 |    11 |    17 |     7 ||    37
       Vampiric Draining |       |     2 |    69 |    77 |     1 ||   149
       Anguish           |       |       |       |    28 |    88 ||   116
       Death Channel     |       |       |       |    10 |    11 ||    21
       Borgnjor's Vile C |       |       |       |       |    46 ||    46
Invok: Unearth Wretches  |       |       |       |    18 |    13 ||    31
Evoke: Wand              |       |       |    19 |    11 |       ||    30
  Use: Scroll            |       |       |    13 |     2 |     5 ||    20
 Stab: Sleeping          |     2 |       |     1 |     5 |       ||     8
       Paralysed         |       |       |    13 |    18 |    10 ||    41
       Distracted        |       |       |     1 |     3 |     7 ||    11
       Invisible         |       |       |     1 |     2 |       ||     3
       Held in net/web   |       |       |       |     2 |       ||     2
Armor: Robe              |     9 |    24 |    96 |     9 |       ||   138
       Steam dragon scal |       |       |       |   150 |   133 ||   283
Dodge: Dodged            |    34 |    32 |   203 |   261 |   219 ||   749

Table legend: (Time is in decaauts)
 A = Elapsed time spent in this place.
 B = Non-inter-level travel time spent in this place.
 C = Inter-level travel time spent in this place.
 D = Time resting spent in this place.
 E = Time spent auto-exploring this place.
 F = Levels seen in this place.
 G = Mean time per level.
                   A        B        C        D        E       F      G
               +--------+--------+--------+--------+--------+-----+--------+
         Total |  30952 |  29533 |   1419 |   7069 |  16480 |  23 | 1345.7 |
       Dungeon |  17311 |  16392 |    919 |   4300 |   8694 |  12 | 1442.6 |
        Temple |    120 |    102 |     18 |      0 |     72 |   1 |  120.0 |
          Lair |   8407 |   8072 |    335 |    820 |   5860 |   5 | 1681.4 |
  Orcish Mines |   2449 |   2303 |    146 |    359 |   1502 |   2 | 1224.5 |
        Bailey |   1149 |   1149 |      0 |    908 |      8 |   1 | 1149.0 |
      Ice Cave |   1364 |   1364 |      0 |    682 |    302 |   1 | 1364.0 |
       Volcano |    149 |    149 |      0 |      0 |     41 |   1 |  149.0 |
               +--------+--------+--------+--------+--------+-----+--------+

Top non-repeatable levels by time:
    D:10: 3072 daAuts
  Lair:5: 2941 daAuts
   Orc:2: 2332 daAuts
    D:11: 1888 daAuts
     D:7: 1814 daAuts
     D:8: 1799 daAuts
     D:4: 1715 daAuts
     D:6: 1618 daAuts
  Lair:2: 1586 daAuts
     D:1: 1468 daAuts
   IceCv: 1364 daAuts
  Lair:4: 1351 daAuts
  Lair:3: 1287 daAuts
  Lair:1: 1241 daAuts
  Bailey: 1149 daAuts
